Map: Site Delta LE

Players

xDaMNx - Winner!

  • Race: Protoss Protoss
  • League: Platinum
  • Spawn Location: 11:00

demzi

  • Race: Zerg Zerg
  • League: Platinum
  • Spawn Location: 5:00

VOD

Have the link to the VOD?

Description

Time

  • Played on: March 24, 2024, 10:04 a.m.
  • Length: 7:36
Show
View Real Time Build Order
Export as new Build Order

xDaMNx Protoss - Winner!

Build Orders:  

Get SALT Encoding   

  12  0:01  Probe  
  13  0:13  Probe  
  14  0:18  Pylon  
  14  0:25  Probe  
  15  0:37  Probe  
  15  0:40  Gateway  
  16  0:47  Assimilator  
  16  0:49  Probe (Chrono Boost)  
  17  1:01  Probe (Chrono Boost)  
  18  1:06  Probe (Chrono Boost)  
  19  1:11  Pylon  
  19  1:15  Probe  
  20  1:27  Probe (Chrono Boost)  
  20  1:30  Cybernetics Core  
  22  1:40  Zealot, Probe (Chrono Boost)  
  22  1:45  Probe (Chrono Boost)  
  25  1:47  Assimilator  
  25  1:54  Probe  
  26  2:03  Pylon  
  26  2:06  Probe  
  26  2:08  Warp Gate (Chrono Boost)  
  27  2:10  Robotics Facility  
  27  2:18  Probe  
  28  2:24  Stalker  
  30  2:30  Probe  
  31  2:39  Pylon  
  31  2:46  Gateway  
  31  2:47  Gateway  
  31  2:49  Probe  
  32  3:00  Observer  
  32  3:01  Probe  
  34  3:13  Probe  
  35  3:21  Immortal (Chrono Boost)  
  35  3:25  Probe  
  40  3:38  Nexus  
  40  3:42  Pylon  
  40  3:44  Probe  
  41  3:52  Sentry  
  41  3:53  Sentry  
  45  3:56  Zealot  
  47  4:06  Probe  
  52  4:17  Immortal (Chrono Boost)  
  52  4:18  Probe  
  52  4:23  Gateway  
  53  4:31  Gateway  
  53  4:40  Shield Battery  
  53  4:41  Probe  
  54  4:54  Probe  
  54  4:59  Immortal (Chrono Boost)  
  59  5:06  Assimilator, Probe  
  60  5:09  Assimilator  
  60  5:13  Stalker  
  62  5:15  Stalker  
  64  5:27  Probe x2  
  66  5:37  Robotics Bay  
  66  5:39  Probe x2  
  66  5:40  Forge  
  66  5:42  Pylon  
  68  5:49  Pylon  
  68  5:55  Probe  
  69  6:03  Immortal (Chrono Boost)  
  69  6:21  Stalker x3  
  69  6:22  Stalker x2  
  79  6:32  Colossus (Chrono Boost)  
  83  6:44  Stalker  
  85  6:49  Pylon  
  85  6:53  Pylon  
  85  6:55  Pylon  
  85  7:28  Nexus  
  85  7:29  Pylon  
  81  7:31  Stalker x5  
  81  7:32  Pylon  
Show
View Real Time Build Order
Export as new Build Order

demzi Zerg 

Build Orders: Hatch First 

Get SALT Encoding   

  12  0:00  Drone  
  13  0:12  Overlord  
  13  0:19  Drone  
  14  0:31  Drone x2  
  16  0:50  Hatchery  
  16  0:52  Drone  
  16  0:56  Drone  
  17  0:59  Drone  
  18  1:08  Extractor  
  17  1:16  Spawning Pool  
  16  1:18  Drone  
  16  1:25  Drone  
  18  1:28  Drone  
  19  1:39  Drone  
  20  1:50  Overlord  
  20  2:02  Queen  
  20  2:03  Queen, Zergling x2  
  20  2:06  Zergling x2  
  26  2:11  Drone  
  26  2:15  Overlord  
  27  2:28  Drone x2  
  29  2:47  Drone x4  
  29  2:50  Lair  
  29  2:51  Queen  
  35  3:02  Drone, Roach Warren  
  35  3:04  Drone  
  36  3:08  Drone, Extractor  
  36  3:10  Drone  
  37  3:19  Drone  
  39  3:20  Drone x2  
  39  3:21  Drone  
  39  3:23  Drone  
  39  3:25  Drone  
  42  3:38  Overlord x2  
  42  3:45  Drone  
  42  3:46  Evolution Chamber, Drone x2  
  42  3:48  Evolution Chamber  
  43  3:50  Overlord  
  43  3:54  Drone  
  44  3:57  Drone  
  44  3:59  Roach  
  44  4:00  Roach  
  49  4:03  Roach  
  49  4:05  Roach  
  53  4:13  Zerg Missile Weapons Level 1  
  53  4:14  Zerg Ground Armor Level 1  
  53  4:17  Glial Reconstitution  
  53  4:25  Overseer  
  53  4:26  Zergling x2  
  53  4:27  Zergling x6  
  53  4:28  Zergling x2  
  53  4:29  Zergling x2  
  59  4:34  Drone x2, Extractor  
  59  4:35  Drone  
  59  4:37  Drone  
  62  4:49  Overlord  
  62  4:50  Overlord  
  62  4:51  Roach x2  
  62  4:52  Roach  
  68  5:10  Roach x3  
  68  5:11  Roach  
  68  5:12  Hatchery  
  68  5:14  Roach  
  77  5:16  Roach  
  79  5:27  Queen  
  81  5:29  Overlord  
  81  5:30  Overlord  
  81  5:47  Overlord x2  
  81  5:54  Drone x10  
  91  6:08  Drone x2  
  74  6:30  Drone  
  74  6:31  Drone x3  
  78  6:33  Extractor  
  78  6:34  Drone x3  
  78  6:35  Drone x3  
  78  6:36  Extractor  
  78  6:39  Roach  
  82  6:48  Roach  
  82  6:49  Roach x2  
  88  6:57  Roach  
  88  6:58  Roach x4  
  98  7:05  Roach  
  98  7:06  Roach x6  
Tags
 
Add a new tag
Caveats
  • Supply blocks, unpowered buildings, or Contaminate may cause inaccurate times.
  • Supply counts are checked every 10 seconds.